 Dungeon Crawl Stone Soup version 0.19-a0-944-gb338e1e (webtiles) character file.

5833 rageheart7 the Grappler (level 10, -6/104 HPs)
             Began as a Troll Monk on July 9, 2016.
             Was a Priest of Uskayaw.
             Mangled by a centaur warrior (9 damage)
             ... on level 9 of the Dungeon.
             The game lasted 00:17:52 (6136 turns).

rageheart7 the Grappler (Troll Monk)                Turns: 6136, Time: 00:17:53

Health: -6/104     AC:  9    Str: 23    XL:     10   Next: 51%
Magic:  7/11       EV:  9    Int:  6    God:    Uskayaw [***...]
Gold:   381        SH:  8    Dex: 13    Spells: 0 memorised, 9 levels left

rFire  + . .     SeeInvis .       - Unarmed
rCold  + . .     Gourm    +     K - +2 robe {rF+}
rNeg   . . .     Faith    .     v - +1 shield {rC+}
rPois  +         Spirit   .     (helmet restricted)
rElec  .         Dismiss  .     y - +1 cloak {+Inv}
rCorr  .         Reflect  .     (gloves unavailable)
SustAt .         Harm     .     (boots unavailable)
MR     .....                    (no amulet)
Stlth  +.........               e - +2 ring of evasion
                                p - ring of poison resistance

@: very slightly contaminated, not resistant to hostile enchantments, very
unstealthy
A: unfitting armour, claws 3, fast metabolism 3, gourmand, regeneration 2,
shaggy fur 1, tough skin 2
a: Stomp, Line Pass, Renounce Religion, Evoke Invisibility


You were on level 9 of the Dungeon.
You worshipped Uskayaw.
Uskayaw was most pleased with you.
You were very full.

You visited 1 branch of the dungeon, and saw 9 of its levels.

You collected 429 gold pieces.
You spent 48 gold pieces at shops.

Inventory:

Missiles
 l - 6 javelins (quivered)
 I - 2 large rocks
Armour
 v - a +1 shield of cold resistance (worn)
 y - a +1 cloak of invisibility (worn)
 K - a +2 robe of fire resistance (worn)
Jewellery
 e - a +2 ring of evasion (right claw)
 i - an uncursed ring of protection from magic
 p - a ring of poison resistance (left claw)
 u - an uncursed ring of positive energy
 C - an uncursed ring of positive energy
Wands
 a - a wand of slowing (21/48)
 m - a wand of random effects (31/48)
 n - a wand of digging (1/24)
 A - a wand of digging (14/24)
 B - a wand of iceblast (14/15)
Scrolls
 d - 3 scrolls of teleportation
 h - 2 scrolls of amnesia
 s - a scroll of enchant weapon
 t - 2 scrolls of remove curse
 w - a scroll of fear
 G - a scroll of magic mapping
Potions
 g - 2 potions of degeneration {unknown}
 j - a potion of lignification
 k - a potion of might
 q - a potion of resistance
 r - 2 potions of brilliance
 z - a potion of agility
 D - 3 potions of flight
 F - 2 potions of curing
Books
 H - a book of Misfortune

   Spells                             Type                      Level
   a - Confusing Touch                Hexes                        1
   b - Confuse                        Hexes                        3
   c - Gell's Gravitas                Hexes/Translocation          3
   d - Petrify                        Transmutation/Earth          4
   e - Metabolic Englaciation         Hexes/Ice                    5
   f - Yara's Violent Unravelling     Hexes/Transmutation          5
Miscellaneous
 L - a disc of storms
Comestibles
 b - 10 bread rations
 c - 2 beef jerkies
 f - 4 fruits
 x - 2 meat rations
 E - 2 slices of pizza
 J - 8 chunks of flesh


   Skills:
 + Level 7.6 Fighting
 - Level 2.4 Dodging
 - Level 1.1 Stealth
 * Level 12.6 Unarmed Combat
 * Level 3.6 Invocations
 + Level 0.2 Evocations


You had 9 spell levels left.
You didn't know any spells.

Dungeon Overview and Level Annotations

Branches:
Dungeon (9/15)             Temple (0/1) D:6            Lair (0/6) D:9
    Orc: D:9-12

Altars:
Ashenzari
Dithmenos
Elyvilon
Hepliaklqana
Kikubaaqudgha
Nemelex Xobeh
Okawaru
Qazlal
Uskayaw
Xom
Zin
The Shining One

Shops:
D:6 *   D:8 ?   D:9 *

Annotations:
D:9 2 runed doors


Innate Abilities, Weirdness & Mutations

You are too large for most types of armour.
You have claws for hands.
Your metabolism is lightning-fast.
You like to eat raw meat.
You heal very quickly.
You are covered in fur. (AC +1)
You have very tough skin. (AC +2)


Message History

The centaur warrior is almost dead.
The centaur warrior hits you!
* * * LOW HITPOINT WARNING * * *
You block the centaur warrior's attack.
You scratch the centaur warrior but do no damage.
The centaur warrior is almost dead.
The centaur warrior hits you but does no damage.
Okay, then.
Aiming: Line Pass
Press: ? - help, Dir - move target cursor The centaur warrior appears confused.
You feel somewhat less full.
The centaur warrior seems less confused.
The centaur warrior hits you!
* * * LOW HITPOINT WARNING * * *
The centaur warrior hits you!
* * * LOW HITPOINT WARNING * * *
You closely miss the centaur warrior.
The centaur warrior is severely wounded.
The centaur warrior hits you!
You die...

+.# #........
#.#######....(...
##.##...........(.
#......###.....(..
#'###..# #).......
###)#.##.###..(....(
#.##)#.#............
#..###.#..##########
###@.#.#..#
#$##c#.#.##
#..((##.# ######..#
..## ##


You could see a centaur warrior.

Vanquished Creatures
  Erolcha (D:9)
  Maurice (D:9)
  A cyclops (D:9)
  Joseph (D:9)
  The ghost of hellse the Ruffian, a novice VSMo of Zin (D:7)
  The ghost of rageheart7 the Slasher, an amateur TeGl of Okawaru (D:3)
  Sigmund (D:3)
  Grum (D:9)
  3 hippogriffs
  2 ice beasts
  An orc warrior (D:9)
  3 black bears
  A necrophage (D:8)
  6 ogres
  3 wolves (D:9)
  3 centaurs
  A big kobold (D:7)
  The ghost of fairyof the Magician, an amateur DEWz (D:4)
  A giant frog (D:8)
  A gnoll sergeant (D:7)
  A water moccasin zombie (D:7)
  A scorpion (D:9)
  4 killer bees (D:5)
  2 howler monkeys
  2 crimson imps
  A quasit (D:6)
  2 hounds (D:5)
  2 orc priests (D:5)
  A centaur skeleton (D:5)
  A jelly (D:8)
  2 orc wizards
  4 iguanas
  5 worker ants
  A hound zombie (D:6)
  11 gnolls
  5 adders
  2 shadow imps
  An ooze (D:4)
  An adder skeleton (D:4)
  2 worms (D:3)
  A dart slug (D:3)
  5 giant geckos
  10 orcs
  3 giant cockroaches
  6 goblins
  11 hobgoblins
  3 jackals (D:1)
  5 quokkas
  6 bats
  6 giant newts
  13 kobolds
  9 rats
163 creatures vanquished.

Notes
Turn   | Place    | Note
-------+----------+-------------------------------------------
     0 | D:1      | rageheart7 the Troll Monk began the quest for the Orb.
     0 | D:1      | Reached XP level 1. HP: 22/22 MP: 0/0
   231 | D:1      | Reached XP level 2. HP: 25/29 MP: 1/1
   593 | D:1      | Reached XP level 3. HP: 36/36 MP: 2/2
   889 | D:2      | Reached skill level 4 in Unarmed Combat
  1226 | D:2      | Reached XP level 4. HP: 21/45 MP: 3/3
  1877 | D:3      | Noticed Sigmund
  1888 | D:3      | Killed Sigmund
  1888 | D:3      | Reached skill level 5 in Unarmed Combat
  1888 | D:3      | Reached XP level 5. HP: 30/54 MP: 4/4
  1888 | D:3      | Reached XP level 6. HP: 34/62 MP: 5/5
  2306 | D:3      | Noticed rageheart7's ghost (amateur TeGl)
  2307 | D:3      | Found a shattered altar of Ashenzari.
  2317 | D:3      | Killed rageheart7's ghost
  2317 | D:3      | Reached skill level 6 in Unarmed Combat
  2323 | D:3      | Found a stormy altar of Qazlal.
  2326 | D:3      | Found a glowing golden altar of the Shining One.
  2326 | D:3      | Found a glowing silver altar of Zin.
  2332 | D:3      | Found a shimmering altar of Xom.
  2332 | D:3      | Found a hide-covered altar of Uskayaw.
  2346 | D:3      | Became a worshipper of Uskayaw the Reveler
  2346 | D:3      | Reached * piety under Uskayaw
  2502 | D:4      | Reached ** piety under Uskayaw
  2506 | D:4      | Reached *** piety under Uskayaw
  2560 | D:4      | Reached XP level 7. HP: 68/70 MP: 6/6
  2610 | D:4      | Noticed fairyof's ghost (amateur DEWz)
  2611 | D:4      | Reached skill level 7 in Unarmed Combat
  2618 | D:4      | Killed fairyof's ghost
  2918 | D:5      | Entered Level 5 of the Dungeon
  2937 | D:5      | Reached skill level 8 in Unarmed Combat
  3158 | D:5      | Reached XP level 8. HP: 76/79 MP: 7/7
  3185 | D:5      | Reached skill level 5 in Fighting
  3238 | D:5      | You fall through a shaft!
  3257 | D:6      | Found a staircase to the Ecumenical Temple.
  3300 | D:6      | Reached skill level 9 in Unarmed Combat
  3500 | D:6      | Found Kewkaiju's Assorted Antiques.
  3523 | D:6      | Got a twisted scythe
  3868 | D:6      | Identified the +5 scythe of Malaise {slice, Fragile rC++} (You found it on level 6 of the Dungeon)
  3906 | D:5      | Found a sparkling altar of Nemelex Xobeh.
  3906 | D:5      | Found a white marble altar of Elyvilon.
  4016 | D:5      | Found a shadowy altar of Dithmenos.
  4447 | D:5      | Reached skill level 10 in Unarmed Combat
  4447 | D:5      | Reached **** piety under Uskayaw
  4710 | D:7      | Found a hazy altar of Hepliaklqana.
  4807 | D:7      | Reached skill level 1 in Invocations
  4824 | D:7      | Reached XP level 9. HP: 63/89 MP: 8/8
  4883 | D:7      | Noticed hellse's ghost (novice VSMo)
  4894 | D:7      | Killed hellse's ghost
  4974 | D:7      | Found an ancient bone altar of Kikubaaqudgha.
  5483 | D:8      | Reached skill level 11 in Unarmed Combat
  5637 | D:8      | Found an iron altar of Okawaru.
  5675 | D:8      | Found Zujynol's Magic Scroll Shoppe.
  5690 | D:8      | Bought a scroll of identify for 24 gold pieces
  5690 | D:8      | Bought a scroll of identify for 24 gold pieces
  5804 | D:9      | Noticed Maurice
  5822 | D:9      | Killed Maurice
  5849 | D:9      | Noticed Erolcha
  5859 | D:9      | Killed Erolcha
  5859 | D:9      | Reached skill level 12 in Unarmed Combat
  5859 | D:9      | Reached XP level 10. HP: 74/102 MP: 11/11
  5860 | D:9      | Noticed a cyclops
  5863 | D:9      | Killed a cyclops
  5942 | D:9      | Found Cexzy's Assorted Antiques.
  5943 | D:9      | Noticed Grum
  5956 | D:9      | Reached ***** piety under Uskayaw
  5962 | D:9      | Killed Grum
  6047 | D:9      | Found a staircase to the Lair.
  6050 | D:9      | Noticed Joseph
  6067 | D:9      | Killed Joseph
  6096 | D:9      | Found a large runed door.
  6096 | D:9      | Found a large runed door.
  6118 | D:9      | Noticed a centaur warrior
  6135 | D:9      | HP: 2/104 [centaur warrior (11)]
  6136 | D:9      | Mangled by a centaur warrior

Vault maps used:
D:1:      minmay_arrival_nine_rooms, bh_walls_and_bars
D:3:      minmay_overflow_temple_hex, uniq_sigmund
D:4:      first_bread
D:5:      grunt_dithmenos_smoke, nicolae_overflow_hidden_temple, minivault_24
D:6:      serial_shops, nicolae_shop_stone
D:7:      overflow_temple_1_default, lemuel_doored_altar
D:8:      okawaru_ov_weapons_minmay, serial_shops, shop
D:9:      lair_0_dummy, serial_shops, shop, minmay_hollow_rounded_squares,
          uniq_joseph, uniq_grum, uniq_erolcha, uniq_maurice

Skill      XL: |  1  2  3  4  5  6  7  8  9 |
---------------+----------------------------+-----
Unarmed Combat | 4 5 6 8 10 12 | 12.6
Fighting       | 3 4 5 7 |  7.6
Invocations    | 1 3 |  3.6
Dodging        | |  2.4
Stealth        | |  1.1
Evocations     | |  0.2

Action                   |  1- 3 |  4- 6 |  7- 9 | 10-12 || total
-------------------------+-------+-------+-------+-------++-------
Melee: Unarmed           |    82 |    85 |   231 |    47 ||   445
       Punch             |     2 |     4 |     2 |       ||     8
       Scythe            |       |       |    13 |       ||    13
Invok: Line Pass         |       |       |     1 |     1 ||     2
       Stomp             |       |       |     1 |       ||     1
 Abil: Evoke Invisibilit |       |       |       |     1 ||     1
  Use: Potion            |     1 |     2 |     5 |     2 ||    10
       Scroll            |       |     8 |    12 |       ||    20
 Stab: Sleeping          |     1 |     2 |       |       ||     3
       Paralysed         |       |     2 |     7 |     6 ||    15
       Invisible         |       |       |       |     3 ||     3
  Eat: Chunk             |    16 |    14 |    30 |     4 ||    64
Armor: Robe              |    28 |    15 |    62 |     8 ||   113
Dodge: Dodged            |    60 |    46 |   103 |    11 ||   220
Block: Shield            |       |       |    46 |    17 ||    63
